 Dungeon Crawl Stone Soup version 0.23-a0-183-gf37f6fb109 (webtiles) character file.

1405 MirrMurr the Poker (level 8, -2/84 HPs)
             Began as an Octopode Berserker on Sept 21, 2018.
             Was an Elder of Trog.
             Slain by a hound (5 damage)
             ... on level 5 of the Dungeon.
             The game lasted 00:11:53 (4692 turns).

MirrMurr the Poker (Octopode Berserker)             Turns: 4692, Time: 00:11:54

Health: -2/84      AC:  1    Str: 21    XL:     8   Next: 70%
Magic:  8/8        EV: 15    Int:  9    God:    Trog [****..]
Gold:   242        SH:  3    Dex: 14    Spells: 7/7 levels left

rFire    . . .     SeeInvis .   a - +0 spear
rCold    . . .     Gourm    .   s - +0 buckler
rNeg     . . .     Faith    .   (helmet restricted)
rPois    .         Spirit   .   (no amulet)
rElec    .         Reflect  .   (no ring)
rCorr    .         Harm     .   (no ring)
MR       .....                  (no ring)
Stlth    ..........             (no ring)
HPRegen  0.24/turn              (no ring)
MPRegen  0.11/turn              (no ring)
                                (no ring)
                                (no ring)

@: berserking, very quick
A: almost no armour, stealthy swim, amphibious, 8 rings, constrict 8, camouflage
1, gelatinous body 1
a: Berserk, Trog's Hand, Brothers in Arms, Renounce Religion


You were on level 5 of the Dungeon.
You worshipped Trog.
Trog was greatly pleased with you.
You were hungry.

You visited 1 branch of the dungeon, and saw 5 of its levels.
You also visited: Sewer and Ossuary.

You collected 242 gold pieces.

Inventory:

Hand Weapons
 a - a +0 spear (weapon)
 b - a +0 hunting sling
 q - a +0 blowgun
Missiles
 e - 124 stones (quivered)
 g - 20 bolts
 p - 34 poisoned needles
 u - 25 sling bullets
Armour
 s - a +0 buckler (worn)
Wands
 w - a wand of digging (9)
Scrolls
 d - a scroll of fog {unknown}
 i - a scroll of immolation
 n - 3 scrolls of teleportation
 v - a scroll of blinking
Potions
 f - 2 potions of curing
 j - 4 potions of flight
 k - a potion of lignification
 l - 2 potions of heal wounds
 m - a potion of might {unknown}
 o - 4 potions of haste
 t - a potion of brilliance {unknown}
 x - a potion of invisibility
Comestibles
 c - 6 rations
 h - 5 chunks of flesh


   Skills:
 + Level 5.5 Fighting
 * Level 7.3 Polearms
 + Level 5.4 Dodging
 + Level 6.4 Stealth


You had 7 spell levels left.
You didn't know any spells.
Your spell library was empty.

Dungeon Overview and Level Annotations

Branches:
Dungeon (5/15)
 Temple: D:4-7

Altars:
Gozag
Sif Muna
Yredelemnul
The Shining One

Annotations:
D:4 1 runed door


Innate Abilities, Weirdness & Mutations

You cannot wear most types of armour.
You are very stealthy in the water. (Stealth+)
You are amphibious.
You can wear up to eight rings at the same time.
You can use your tentacles to constrict eight enemies at once.
Your skin changes colour to match your surroundings (Stealth+).
Your rubbery body absorbs attacks. (AC +1, EV +1)


Message History

You are too injured to fight recklessly!
You closely miss the ice beast. Your squeeze misses the ice beast.
You puncture the ice beast!
The ice beast is moderately wounded.
The ice beast closely misses you. The worm bites you.
* * * LOW HITPOINT WARNING * * *
You puncture the ice beast! Your squeeze misses the ice beast.
The ice beast is severely wounded.
You hit the ice beast.
The ice beast is almost dead.
The ice beast hits you.
* * * LOW HITPOINT WARNING * * *
The ice beast freezes you!
* * * LOW HITPOINT WARNING * * *
You puncture the ice beast!
You feel the power of Trog in you as your rage grows.
You kill the ice beast!
Trog accepts your kill. The hound bites you.
You die...

## .## ..####
##..####.....##
#.....w@.......
........h......
#.......(..##%.
###........#
##........#
##...##...#
#..## ##..# #..
#..


You could see a worm and a hound.

Vanquished Creatures
  An ice beast (D:5)
  4 big kobolds (Sewer)
  4 scorpions
  A centaur zombie (Ossuary)
  Crazy Yiuf (D:3)
  A hound (D:4)
  3 orc priests (D:5)
  4 human zombies (Ossuary)
  3 orc wizards
  Natasha (thrice) (D:3)
  Terence (D:3)
  A worker ant (D:4)
  A hound skeleton (D:5)
  6 mummies (Ossuary)
  6 adders
  4 gnolls (D:3)
  A river rat (D:3)
  A shadow imp (D:5)
  4 oozes
  A worm (D:3)
  7 leopard geckos
  14 orcs
  2 giant cockroaches
  5 gnoll zombies
  9 goblins
  6 hobgoblins
  8 jackals
  12 kobolds
  7 ball pythons (Sewer)
  7 bats
  4 frilled lizards
  6 rats
138 creatures vanquished.

Notes
Turn   | Place    | Note
-------+----------+-------------------------------------------
     0 | D:1      | MirrMurr the Octopode Berserker began the quest for the
                  | Orb.
     0 | D:1      | Reached XP level 1. HP: 16/16 MP: 1/1
   168 | D:1      | Reached XP level 2. HP: 17/21 MP: 2/2
   228 | D:1      | Reached skill level 1 in Stealth
   550 | D:1      | Reached XP level 3. HP: 26/26 MP: 3/3
   907 | D:2      | Reached ** piety under Trog
  1081 | D:2      | Found an opulent altar of Gozag.
  1431 | D:2      | Reached XP level 4. HP: 31/31 MP: 4/4
  1441 | D:2      | Found a deep blue altar of Sif Muna.
  1561 | D:3      | Found a glowing drain.
  1596 | Sewer    | Entered a sewer
  1615 | Sewer    | Reached skill level 4 in Polearms
  1646 | Sewer    | Noticed a big kobold
  1652 | Sewer    | Killed a big kobold
  1652 | Sewer    | Reached *** piety under Trog
  1652 | Sewer    | Reached XP level 5. HP: 23/37 MP: 5/5
  1681 | Sewer    | Noticed a big kobold
  1690 | Sewer    | Killed a big kobold
  1690 | Sewer    | Reached XP level 6. HP: 25/43 MP: 6/6
  1760 | Sewer    | Reached skill level 5 in Polearms
  2276 | D:3      | Reached XP level 7. HP: 49/49 MP: 7/7
  2411 | D:3      | Found a basalt altar of Yredelemnul.
  2540 | D:3      | Found a runed door.
  2585 | D:3      | Noticed Terence
  2607 | D:3      | Killed Terence
  2651 | D:3      | Noticed Natasha
  2663 | D:3      | Killed Natasha
  2731 | D:3      | Found a basalt altar of Yredelemnul.
  2820 | D:3      | Noticed Crazy Yiuf
  2826 | D:3      | Killed Crazy Yiuf
  2915 | D:3      | Noticed Natasha
  2923 | D:3      | Killed Natasha
  2948 | D:3      | Found a basalt altar of Yredelemnul.
  2981 | D:3      | Noticed Natasha
  2989 | D:3      | Killed Natasha
  3044 | D:3      | Found a basalt altar of Yredelemnul.
  3456 | D:4      | Reached skill level 6 in Polearms
  3512 | D:4      | Reached skill level 5 in Stealth
  3603 | D:4      | Found a runed door.
  3603 | D:4      | Found a glowing golden altar of the Shining One.
  3603 | D:4      | Noticed an angel
  3648 | D:4      | Found a sand-covered staircase.
  3652 | Ossuary  | Entered an ossuary
  3822 | Ossuary  | Reached XP level 8. HP: 47/54 MP: 8/8
  3906 | Ossuary  | Reached **** piety under Trog
  3906 | Ossuary  | Reached skill level 5 in Fighting
  4032 | Ossuary  | Reached skill level 5 in Dodging
  4599 | D:5      | Entered Level 5 of the Dungeon
  4612 | D:5      | Reached skill level 7 in Polearms
  4691 | D:5      | HP: 3/84 [ice beast (13)]
  4692 | D:5      | Slain by a hound

Vault maps used:
D:1:      evilmike_arrival_hilbert_curve
D:2:      lemuel_doored_altar, led_sif_pool
D:3:      lemuel_zombie_altar_yredelemnul, gup_sewer_entry_bowl,
          yredelemnul_altar_generic, uniq_crazy_yiuf_cottage, uniq_terence,
          uniq_natasha
D:4:      nicolae_ossuary_entry_false_entrances, lemuel_angel_altar
D:5:      grunt_dithmenos_shadows, first_ration
Sewer:    sewer_co_15_rooms
Ossuary:  ossuary_crypta

Skill      XL: |  1  2  3  4  5  6  7  8 |
---------------+-------------------------+-----
Stealth        | 1 2 3 4 5 6 |  6.4
Polearms       | 4 5 6 7 |  7.3
Fighting       | 4 5 |  5.5
Dodging        | 4 5 |  5.4

Action                   |  1- 3 |  4- 6 |  7- 9 || total
-------------------------+-------+-------+-------++-------
Melee: Spear             |    94 |   113 |   234 ||   441
       Constrict         |    19 |    21 |    41 ||    81
       Tentacles         |    11 |    20 |    61 ||    92
 Fire: Hunting sling     |       |       |     1 ||     1
Invok: Berserk           |       |     1 |     5 ||     6
       Trog's Hand       |       |       |     4 ||     4
  Use: Scroll            |     1 |       |    16 ||    17
 Stab: Sleeping          |     7 |     6 |     6 ||    19
       Distracted        |       |     1 |     1 ||     2
  Eat: Chunk             |     2 |     2 |     7 ||    11
       Ration            |       |       |     2 ||     2
Armor: Skin              |     7 |     3 |     2 ||    12
Dodge: Dodged            |    40 |    27 |    79 ||   146
Block: Buckler           |       |       |     1 ||     1

Table legend:
 A = Non-vault XP
 B = Vault XP
 C = Vault XP percentage of total XP
 D = Non-vault monster count
 E = Vault monster count
 F = Vault count percentage of total count
                 A         B        C        D         E       F
            +---------+---------+-------+---------+---------+-------
      Total |    1090 |     918 |  45.7 |      93 |      45 |  32.6
            +---------+---------+-------+---------+---------+-------
        D:1 |      34 |       0 |   0.0 |      19 |       0 |   0.0
        D:2 |      48 |       0 |   0.0 |      19 |       0 |   0.0
        D:3 |     320 |     141 |  30.6 |      33 |       9 |  21.4
        D:4 |     358 |       0 |   0.0 |      14 |       0 |   0.0
        D:5 |     330 |       0 |   0.0 |       8 |       0 |   0.0
      Sewer |       0 |     447 | 100.0 |       0 |      22 | 100.0
    Ossuary |       0 |     330 | 100.0 |       0 |      14 | 100.0
            +---------+---------+-------+---------+---------+-------
